 Dungeon Crawl Stone Soup version 0.31-a0-771-g505c3d19dc (webtiles) character file.

Game seed: 7688707650980444576

17950 Joey1 the Warrior (level 12, -1/130 HPs)
             Began as a Minotaur Fighter on Sept 17, 2023.
             Was a High Priest of Okawaru.
             Slain by an elephant (9 damage)
             ... on level 1 of the Lair of Beasts.
             The game lasted 00:34:35 (12420 turns).

Joey1 the Warrior (Minotaur Fighter)               Turns: 12420, Time: 00:34:36

Health: -1/130     AC: 15    Str: 25    XL:     12   Next: 23%
Magic:  15/15      EV: 11    Int:  5    God:    Okawaru [*****.]
Gold:   658        SH:  0    Dex: 11    Spells: 11/11 levels left

rFire   . . .        a - +0 war axe
rCold   . . .        c - +0 buckler
rNeg    . . .        k - +0 chain mail
rPois   +            (helmet restricted)
rElec   .            B - +0 cloak
rCorr   .            U - +0 pair of gloves
SInv    .            G - +0 pair of boots
Will    +....        (no amulet) Stlth
                     Y - ring of willpower
HPRegen 0.41/turn    p - ring of poison resistance
MPRegen 0.14/turn

%: no passive effects
@: confused, about to teleport, heroic, ambrosia-drunk
A: horns 2, retaliatory headbutt
a: Renounce Religion, Heroism, Finesse, Duel


You were on level 1 of the Lair of Beasts.
You worshipped Okawaru.
Okawaru was extremely pleased with you.
You visited 3 branches of the dungeon, and saw 13 of its levels.
You also visited: Bailey.

You collected 834 gold pieces.
You spent 176 gold pieces at shops.

Inventory:

Hand Weapons
 a - a +0 war axe (weapon)
 y - a +3 bardiche of protection
 V - a +4 morningstar
Missiles
 T - 7 javelins
Armour
 b - a +0 scale mail
 c - a +0 buckler (worn)
 k - a +0 chain mail (worn)
 m - the +3 leather armour "Fusoomop" {Will+ Dex+3}
   (You found it on level 2 of the Dungeon)

   Dex+3:     It affects your dexterity (+3).
   Will+:     It increases your willpower.
 n - a +3 ring mail of fire resistance
 B - a +0 cloak (worn)
 G - a +0 pair of boots (worn)
 U - a +0 pair of gloves (worn)
Jewellery
 e - a ring of see invisible
 p - a ring of poison resistance (right hand)
 A - a +4 ring of protection
 H - a +6 ring of dexterity
 I - a ring of flight
 K - a ring of positive energy
 Q - a +6 ring of dexterity
 S - a ring of fire
 Y - a ring of willpower (left hand)
Wands
 f - a wand of acid (11)
 l - a wand of flame (53)
 q - a wand of charming (4)
 C - a wand of mindburst (13)
 D - a wand of roots (14)
 N - a wand of polymorph (13)
 X - a wand of digging (8)
Scrolls
 j - 3 scrolls of fear
 r - 2 scrolls of enchant weapon
 t - a scroll of silence
 u - 2 scrolls of enchant armour
 w - a scroll of vulnerability
 J - a scroll of amnesia
 L - a scroll of noise {unknown}
 M - a scroll of brand weapon {unknown}
 O - 3 scrolls of teleportation
 R - a scroll of blinking {unknown}
 W - a scroll of poison {unknown}
 Z - a scroll of revelation {unknown}
Potions
 d - a potion of might
 g - a potion of ambrosia
 h - 2 potions of haste {unknown}
 i - a potion of lignification {unknown}
 o - a potion of cancellation {unknown}
 s - 3 potions of curing
 v - a potion of enlightenment
 x - a potion of mutation {unknown}
 z - a potion of brilliance {unknown}
 E - 2 potions of resistance {unknown}
 F - 2 potions of attraction {unknown}
 P - a potion of magic {unknown}


   Skills:
 - Level 19.0(24.0) Fighting
 - Level 16.0(21.0) Axes
 + Level 4.1(9.1) Armour
 + Level 3.4(8.4) Dodging
 - Level 5.0(10.0) Shields
 - Level 6.0 Invocations


You had 11 spell levels left.
You didn't know any spells.
Your spell library contained the following spells:

 Spells                   Type           Power      Damage    Failure   Level
 Ignite Poison            Fire/Tmut/Pois 0%         N/A       100%        3
 Inner Flame              Hex/Fire       0%         N/A       100%        3
 Anguish                  Hex/Necr       0%         N/A       100%        4
 Cause Fear               Hex            0%         N/A       100%        4
 Sticky Flame             Conj/Fire      0%         2d3       100%        4
 Vhi's Electric Charge    Tloc/Air       0%         N/A       100%        4
 Arcjolt                  Conj/Air       0%         1d10      100%        5
 Yara's Violent Unravell  Hex/Tmut       0%         3d3       100%        5
 Enfeeble                 Hex            0%         N/A       100%        7
 Ignition                 Fire           0%         3d3       100%        8
 Maxwell's Capacitive Co  Air            0%         ∞         100%        8


Dungeon Overview and Level Annotations

Branches:
Dungeon (11/15)            Temple (1/1) D:7            Lair (1/5) D:10
 Bailey (visited)
    Orc: D:9-12

Altars:
Ashenzari
Cheibriados
Dithmenos
Elyvilon
Fedhas
Gozag
Hepliaklqana
Kikubaaqudgha
Makhleb
Nemelex Xobeh
Okawaru
Qazlal
Ru
Sif Muna
Trog
Uskayaw
Vehumet
Wu Jian
Xom
Yredelemnul
Zin
The Shining One

Shops:
D:4 !   D:5 :


Innate Abilities, Weirdness & Mutations

You have a pair of horns on your head.
You reflexively headbutt those who attack you in melee.


Message History

Okawaru accepts your kill.
You slash the elephant! x2; You hit the elephant but do no damage.
You slash the elephant!
Your base Armour skill increases to level 4!
You hit the elephant but do no damage.
The elephant is severely wounded.
You slash the elephant! x3; You block the elephant's attack.
The elephant closely misses you.
The elephant tramples you but does no damage.
The elephant barely misses you. You block the elephant's attack.
The elephant trunk-slaps you.
The elephant tramples you but does no damage.
The elephant trunk-slaps you. The wolf bites you but does no damage.
You slash the elephant!
The elephant is severely wounded.
You hit the elephant but do no damage. You slash the wolf!
You hit the elephant. x2; The wolf bites you!
* * * LOW HITPOINT WARNING * * *
The elephant tramples you.
* * * LOW HITPOINT WARNING * * *
You stumble backwards!
The elephant tramples you!
* * * LOW HITPOINT WARNING * * *
You stumble backwards!
The elephant attacks as it pursues you!
The elephant tramples you but does no damage.
You block the elephant's attack. The wolf bites you!
* * * LOW HITPOINT WARNING * * *
As you read the scroll of teleportation, it crumbles to dust.
You feel strangely unstable. The wolf closely misses you.
You are confused.
You feel invigorated. The wolf bites you but does no damage.
The elephant tramples you but does no damage.
The elephant closely misses you. The wolf barely misses you.
The elephant tramples you!
* * * LOW HITPOINT WARNING * * *
You are shoved backwards!
The elephant tramples you!
You die...

.#......... #.........
#....>. ### #.....##
##.########### #...†.#
##............##
#.#...###.h.......<....##
#..†...Y..Y.....÷÷.....####
##..#...hYh...............#
#..#....Yh@............÷..#
#..#.................÷÷....
###.##.......................
#....#.>.....................
##.###.......................
##.##........................
#..###......................#
#.## #..............).......#
##.# #P...........>........#.


You could see 4 elephants and 4 wolves.

Vanquished Creatures
  Erica (D:11)
  A boulder beetle (D:11)
  A two-headed ogre (D:9)
  A death yak (D:10)
  Urug (D:10)
  Lodul (D:11)
  An orc knight (Bailey)
  Pikel (D:4)
  A manticore (D:11)
  Maurice (D:10)
  3 elephants
  Joseph (D:9)
  2 cane toads (Lair:1)
  Psyche (D:10)
  3 komodo dragons
  2 trolls (D:11)
  5 blink frogs (Lair:1)
  2 wraiths (D:10)
  A wyvern (D:8)
  9 yaks (D:11)
  2 basilisks (D:10)
  2 acid dragons (D:10)
  2 water moccasins
  15 orc warriors
  2 sky beasts
  A black bear (D:6)
  An ice beast (D:6)
  6 centaurs
  13 ogres
  2 lemures
  2 kobold brigands
  7 bullfrogs
  3 scorpions
  10 wights
  13 killer bees
  7 howler monkeys
  3 hounds
  An orc priest (D:7)
  2 jellies
  2 sleepcaps
  2 gnoll boudas (D:6)
  An iguana (D:5)
  Terence (D:2)
  7 orc wizards
  Robin (D:3)
  7 adders
  13 gnolls
  A white imp (D:6)
  An ufetubus (D:4)
  A worm (D:4)
  3 dart slugs
  38 orcs
  6 ball pythons
  7 endoplasms
  3 giant cockroaches
  13 goblins
  10 hobgoblins
  17 kobolds
  4 quokkas
  4 bats
  A frilled lizard (D:1)
  8 rats
284 creatures vanquished.

Notes
Turn   | Place    | Note
-------+----------+-------------------------------------------
     0 | D:1      | Joey1 the Minotaur Fighter began the quest for the Orb.
     0 | D:1      | Reached XP level 1. HP: 19/19 MP: 0/0
   124 | D:1      | Reached XP level 2. HP: 24/26 MP: 1/1
   526 | D:2      | Reached XP level 3. HP: 29/31 MP: 2/2
   850 | D:2      | Reached skill level 5 in Axes
   959 | D:2      | Noticed Terence
   966 | D:2      | Killed Terence
   967 | D:2      | Reached XP level 4. HP: 39/39 MP: 3/3
  1023 | D:2      | Identified the +3 leather armour "Fusoomop" {Will+ Dex+3}
  1261 | D:3      | Noticed Robin
  1268 | D:3      | Killed Robin
  1392 | D:3      | You fall into a shaft and drop 1 floor!
  1392 | D:4      | Found Gelusor's Distillery.
  1395 | D:4      | Bought a potion of heal wounds for 55 gold pieces
  1395 | D:4      | Bought a potion of enlightenment for 55 gold pieces
  1395 | D:4      | Bought a potion of curing for 33 gold pieces
  1395 | D:4      | Bought a potion of curing for 33 gold pieces
  1403 | D:4      | Reached XP level 5. HP: 45/45 MP: 4/4
  1517 | D:4      | Noticed a lemure
  1517 | D:4      | Noticed a lemure
  1517 | D:4      | Noticed Pikel
  1519 | D:4      | Noticed a lemure
  1526 | D:3      | Killed a lemure
  1653 | D:3      | Identified the +1 robe of Ashenzari {Contam rF+ Str+4}
  2350 | D:4      | Killed a lemure
  2351 | D:4      | Noticed a lemure
  2354 | D:5      | Entered Level 5 of the Dungeon
  2370 | D:5      | Reached XP level 6. HP: 8/51 MP: 5/5
  2654 | D:5      | Reached XP level 7. HP: 32/57 MP: 6/6
  2760 | D:5      | Found Pahymiudicw's Book Shoppe.
  2914 | D:5      | Reached skill level 10 in Axes
  3397 | D:4      | Killed Pikel
  3398 | D:4      | Reached XP level 8. HP: 57/64 MP: 7/7
  3972 | D:6      | Reached skill level 4 in Fighting
  3995 | D:6      | Reached skill level 5 in Fighting
  4244 | D:6      | Reached skill level 6 in Fighting
  4418 | D:6      | Reached skill level 7 in Fighting
  4532 | D:6      | Reached skill level 8 in Fighting
  4633 | D:6      | Reached XP level 9. HP: 82/82 MP: 8/8
  4860 | D:6      | Reached skill level 9 in Fighting
  4978 | D:7      | Reached skill level 1 in Dodging
  5188 | D:7      | Found a staircase to the Ecumenical Temple.
  5203 | Temple   | Entered the Ecumenical Temple
  5249 | D:7      | Reached skill level 10 in Fighting
  5268 | D:7      | Found a burning altar of Makhleb.
  5269 | D:7      | Found a hazy altar of Hepliaklqana.
  5270 | D:7      | Found a broken altar of Ashenzari.
  5270 | D:7      | Found an iron altar of Okawaru.
  5270 | D:7      | Found a basalt altar of Yredelemnul.
  5270 | D:7      | Found a bloodstained altar of Trog.
  5271 | D:7      | Found a hide-covered altar of Uskayaw.
  5277 | D:7      | Found a sacrificial altar of Ru.
  5280 | D:7      | Became a worshipper of Warmaster Okawaru
  5531 | D:8      | Reached skill level 5 in Shields
  5742 | D:8      | Found a flagged portal.
  5750 | Bailey   | Entered a bailey
  6357 | Bailey   | Reached * piety under Okawaru
  6472 | Bailey   | Reached XP level 10. HP: 86/93 MP: 9/9
  6897 | Bailey   | Noticed an orc knight
  6916 | Bailey   | Killed an orc knight
  7768 | D:8      | Reached skill level 1 in Invocations
  8073 | D:9      | Reached skill level 15 in Axes
  8207 | D:9      | Reached ** piety under Okawaru
  8242 | D:9      | Found a stormy altar of Qazlal.
  8251 | D:9      | Noticed Joseph
  8267 | D:9      | Killed Joseph
  8508 | D:9      | Noticed a two-headed ogre
  8517 | D:9      | Killed a two-headed ogre
  8792 | D:9      | Reached *** piety under Okawaru
  8970 | D:10     | Entered Level 10 of the Dungeon
  9111 | D:10     | Noticed Psyche
  9123 | D:10     | Killed Psyche
  9124 | D:10     | Reached skill level 5 in Invocations
  9279 | D:10     | Noticed Maurice
  9292 | D:10     | Maurice stole a +4 ring of protection
  9293 | D:10     | Maurice stole a +3 bardiche of protection
  9297 | D:10     | Maurice stole 132 gold
  9298 | D:10     | Killed Maurice
  9299 | D:10     | Reached XP level 11. HP: 80/99 MP: 13/13
  9378 | D:10     | Noticed a death yak
  9426 | D:10     | Killed a death yak
  9582 | D:10     | Reached skill level 11 in Fighting
  9923 | D:10     | Reached **** piety under Okawaru
  9944 | D:10     | Found a staircase to the Lair.
 10012 | D:10     | Reached skill level 12 in Fighting
 10226 | D:10     | Noticed Urug
 10499 | D:11     | Reached skill level 13 in Fighting
 10500 | D:11     | Noticed Lodul
 10523 | D:11     | Killed Lodul
 10524 | D:11     | Reached skill level 14 in Fighting
 10800 | D:11     | Found a white marble altar of Elyvilon.
 10880 | D:11     | Reached skill level 15 in Fighting
 11009 | D:11     | Reached skill level 16 in Fighting
 11275 | D:11     | Noticed a boulder beetle
 11429 | D:11     | Noticed Erica
 11444 | D:11     | Killed Erica
 11460 | D:11     | Reached ***** piety under Okawaru
 11461 | D:11     | Reached skill level 17 in Fighting
 11554 | D:10     | Killed Urug
 11861 | D:11     | Killed a boulder beetle
 11862 | D:11     | Reached skill level 18 in Fighting
 12010 | Lair:1   | Entered Level 1 of the Lair of Beasts
 12025 | Lair:1   | Reached XP level 12. HP: 111/127 MP: 15/15
 12407 | Lair:1   | Reached skill level 19 in Fighting
 12419 | Lair:1   | HP: 4/130 [elephant (13)]
 12420 | Lair:1   | Slain by an elephant

Illustrated notes

Levels and vault maps discovered:
D:1:      minmay_arrival_four_houses, layout_rooms
D:2:      layout_basic, uniq_terence
D:3:      layout_basic, nrook_uturn, uniq_robin
D:4:      layout_loops_ring, serial_shops, nicolae_lakefront_shop, uniq_pikel
D:5:      layout_loops_ring, serial_shops, nicolae_book_shop_shelving
D:6:      layout_basic
D:7:      layout_rooms, minitemple, minmay_temple_entry_statues_pillars
D:8:      layout_loops_corners, enter_bailey_3
D:9:      layout_stronghold, mainiacjoe_overflow_paths, uniq_joseph
D:10:     layout_cave_pods, david_lair_generic, uniq_maurice, uniq_urug,
          uniq_psyche
D:11:     layout_roguey, minmay_misc_feat_four_crosses,
          nicolae_elyvilon_peaceful_grove, uniq_lodul, uniq_erica
Temple:   compressed_dpeg_triangle_lava_temple
Lair:1:   layout_cave_pods, patterned_corridor

Skill      XL: |  1  2  3  4  5  6  7  8  9 10 11 12 |
---------------+-------------------------------------+-----
Axes           | 3 4 5 6 7 9 11 12 13 15 16 | 16.0
Fighting       | 8 10 18 19 | 19.0
Dodging        | 3 |  3.4
Shields        | 5 |  5.0
Invocations    | 5 6 |  6.0
Armour         | 4 |  4.1

Action                     |  1- 3 |  4- 6 |  7- 9 | 10-12 || total
---------------------------+-------+-------+-------+-------++-------
  Melee: War axe           |    73 |   126 |   275 |   487 ||   961
         Headbutt          |     7 |    16 |    55 |   111 ||   189
 Invoke: Heroism           |       |       |       |     9 ||     9
    Use: Scroll            |       |       |     6 |     5 ||    11
         Potion            |       |       |     2 |     1 ||     3
   Stab: Sleeping          |       |       |     1 |       ||     1
 Armour: Scale mail        |    11 |       |       |       ||    11
         Chain mail        |    42 |    90 |    43 |   191 ||   366
         Leather armour    |       |       |   157 |    99 ||   256
  Dodge: Dodged            |    26 |    39 |   123 |   176 ||   364
  Block: Buckler           |    16 |    25 |    80 |   105 ||   226

Table legend: (Time is in decaauts)
 A = Elapsed time spent in this place.
 B = Non-inter-level travel time spent in this place.
 C = Inter-level travel time spent in this place.
 D = Time resting spent in this place.
 E = Time spent auto-exploring this place.
 F = Levels seen in this place.
 G = Mean time per level.
                   A        B        C        D        E       F      G
               +--------+--------+--------+--------+--------+-----+--------+
         Total |  12427 |  11931 |    496 |   1795 |   7160 |  14 |  887.6 |
       Dungeon |  10618 |  10122 |    496 |   1151 |   6881 |  11 |  965.3 |
        Temple |     23 |     23 |      0 |      0 |      0 |   1 |   23.0 |
          Lair |    393 |    393 |      0 |     34 |    279 |   1 |  393.0 |
        Bailey |   1391 |   1391 |      0 |    610 |      0 |   1 | 1391.0 |
               +--------+--------+--------+--------+--------+-----+--------+

Top non-repeatable levels by time:
    D:10: 1805 daAuts
  Bailey: 1391 daAuts
     D:8: 1149 daAuts
    D:11: 1115 daAuts
     D:5: 1084 daAuts
     D:9: 1011 daAuts
     D:6: 977 daAuts
     D:3: 936 daAuts
     D:4: 795 daAuts
     D:2: 748 daAuts
     D:7: 550 daAuts
     D:1: 442 daAuts
  Lair:1: 393 daAuts
  Temple: 23 daAuts
